 Dungeon Sprint DCSS version 0.30.1-11-g7821555f0a (webtiles) character file.

Game seed: 18289889211027839003

17082 Groucho the Nimble (level 12, -13/88 HPs)
             Began as a Djinni Fire Elementalist on Dec 21, 2023.
             Was an Elder of Cheibriados.
             Mangled by an iron golem (26 damage)
             ... in the Dungeon (Sprint V: "Ziggurat Sprint").
             The game lasted 00:06:39 (1082 turns).

Groucho the Nimble (Djinni Fire Elementalist)       Turns: 1082, Time: 00:06:40

Health: -13/88     AC: 26    Str: 24      XL:     12   Next: 78%
Gold:   0          EV: 10    Int: 27 (28) God:    Cheibriados [****..] SH: 34 Dex: 30

rFire   + + +        z - +6 shillelagh "Devastator" {shatter}
rCold   . . .        y - +18 shield of the Gong {Loud rN+ Will+ rCorr EV-5}
rNeg    + . .        g - +5 gold dragon scales
rPois   ∞            (no helmet)
rElec   .            (no cloak)
rCorr   +            (no gloves)
SInv    .            (boots unavailable)
Will    ++...        B - amulet of regeneration Stlth
                     v - +6 ring of strength
HPRegen 1.14/turn    r - +6 ring of dexterity
MPRegen 0.00/turn

%: no teleportation, infuse magic (-14 HP)
@: flying, unable to read, very slow
A: sickness immunity, fire resistance 2, cold vulnerability 1, float, innate
caster, HP casting, extra vitality 1, iridescent scales 1, deterioration 1,
frail 1, inability to read after injury 1
a: Renounce Religion, Bend Time, Temporal Distortion, Slouch


You were in the Dungeon.
You worshipped Cheibriados.
Cheibriados was greatly pleased with you.
You visited 1 branch

Inventory:

Hand Weapons
 z - the +6 shillelagh "Devastator" (weapon) {shatter}
   (You found it in the Dungeon)
Armour
 a - a +0 robe
 g - +5 gold dragon scales (worn)
 x - the +15 Maxwell's patent armour {-Cast -Tele rElec Will+ rCorr}
   (You found it in the Dungeon)

   rElec:     It insulates you from electricity.
   -Cast:     It prevents spellcasting.
   -Tele:     It prevents most forms of teleportation.
   rCorr:     It protects you from acid and corrosion.
   Will:      It increases your willpower.
 y - the +18 shield of the Gong (worn) {Loud rN+ Will+ rCorr EV-5}
   (You found it in the Dungeon)

   Loud:      It is deafeningly noisy when blocking attacks.
   EV:        It affects your evasion (-5).
   rN:        It protects you from negative energy.
   rCorr:     It protects you from acid and corrosion.
   Will:      It increases your willpower.
Magical Staves
 E - the staff of earth "Essicvon" {rC+ Str+4}
   (You found it in the Dungeon)

   [staff of earth]

   Your inability to study Earth Magic prevents you from drawing on the full
   power of this staff in melee.
   Base accuracy: +5 Base damage: 5 Base attack delay: 1.2 This weapon's minimum
   attack delay (0.6) is reached at skill level 12.
   Str:       It affects your strength (+4).
   rC:        It protects you from cold.
   It falls into the 'Staves' category.
   It is a one-handed weapon.
 F - a staff of conjuration
Jewellery
 r - a +6 ring of dexterity (right hand)
 s - a ring of ice
 t - a +6 ring of intelligence
 u - a +6 ring of intelligence
 v - a +6 ring of strength (left hand)
 w - a ring of positive energy
 B - an amulet of regeneration (around neck)
Wands
 p - a wand of mindburst (27)
 q - a wand of acid (7)
 A - a wand of charming (9)
 C - a wand of roots (7)
 D - a wand of digging (14)
 G - a wand of flame (9)
Scrolls
 f - 4 scrolls of blinking
 h - 7 scrolls of fog
 i - 5 scrolls of identify
 j - 2 scrolls of fear
Potions
 b - 10 potions of curing
 c - 2 potions of heal wounds
 d - 6 potions of haste
 e - 3 potions of berserk rage
 k - 2 potions of brilliance
 l - 2 potions of invisibility
 m - 4 potions of resistance
 n - a potion of experience
 o - 6 potions of might


   Skills:
 + Level 13.1 Fighting
 + Level 13.0 Armour
 + Level 14.4 Dodging
 - Level 1.5 Stealth
 + Level 13.2 Shields
 + Level 10.6 Spellcasting
 + Level 13.1 Invocations


You knew the following spells:

 Your Spells              Type           Power      Damage    Failure   Level
a - Foxfire               Conj/Fire      100%       2x1d9     3%          1
b - Scorch                Fire           100%       2d9       4%          2
c - Volatile Blastmotes   Fire/Tloc      100%       2d18      9%          3
d - Inner Flame           Hex/Fire       64%        N/A       9%          3
e - Flame Wave            Conj/Fire      64%        2d15      30%         4
f - Magic Dart            Conj           100%       1d8       3%          1
g - Static Discharge      Conj/Air       100%       2-7/arc   4%          2
h - Momentum Strike       Conj/Tloc      100%       3d10      4%          2
i - Ignite Poison         Fire/Tmut/Pois 64%        N/A       9%          3
j - Olgreb's Toxic Radia  Pois           64%        N/A       30%         4
Your spell library was empty.

Dungeon Overview and Level Annotations

Branches:
Dungeon (1/1)

Altars:
Ashenzari
Cheibriados
Dithmenos
Elyvilon
Fedhas
Gozag
Hepliaklqana
Makhleb
Nemelex Xobeh
Okawaru
Qazlal
Ru
Trog
Uskayaw
Wu Jian
Xom
Yredelemnul
Zin
The Shining One
Jiyva
Lugonu


Innate Abilities, Weirdness & Mutations

You are immune to sickness and miasma.
You are immune to poison.
Your flesh is very heat resistant. (rF++)
You are vulnerable to cold. (rC-)
You float through the air rather than walking.
You learn spells naturally, not from books.
Your magical power is your life essence.
You have superior vitality. (+4 MHP)
You are partially covered in iridescent scales. (AC +2)
Your body sometimes deteriorates upon taking damage.
You are frail. (-10% HP)
You occasionally lose the ability to read scrolls when taking damage.


Message History

Unknown command.
Unknown command.
Activating: Slouch (1% risk of failure)
Press: ? - help, Dir - look around, f - activate You can feel time thicken for a moment.
You kill the quicksilver dragon!
Cheibriados thoroughly appreciates the change of pace.
Cheibriados raises the support of your attributes as your movement slows.
Cheibriados lowers the support of your attributes as your movement quickens.
The crystal guardian barely misses you.
Your Shields skill increases to level 13!
Unknown command.
Activating: Slouch (1% risk of failure)
Press: ? - help, Dir - look around, f - activate You can feel time thicken for a moment.
You destroy the crystal guardian!
Cheibriados thoroughly appreciates the change of pace.
You destroy the crystal guardian!
Cheibriados thoroughly appreciates the change of pace.
Cheibriados raises the support of your attributes as your movement slows.
Cheibriados lowers the support of your attributes as your movement quickens.
Your Fighting skill increases to level 13!
Your Armour skill increases to level 13!
Your Invocations skill increases to level 13!
Unknown command.
Unknown command.
You hit the iron golem but do no damage.
The iron golem is lightly damaged.
You block the iron golem's attack.
GONNNNG!
The iron golem closely misses you. You block the iron golem's attack.
PTOANNNG!
The iron golem hits you!!
You feel threatened and lose the ability to read scrolls!
* * * LOW HITPOINT WARNING * * *
Your body deteriorates!
You feel dopey. You block the iron golem's attack.
PTOANNNG!
The iron golem hits you!!
You die...

▓...8©8...▓.
▓..::|?/".▓..=.|):..▓.
▓../||[:..▓†..)"):..▓.
▓.........▓.........▓.
▓.........▓.........▓.
▓...99.E..▓...†.....▓.
▓....99...▓.....†...▓.
▓..▓999▓..▓.....)...▓.
▓.▓..@..▓.▓.▓.....▓.▓.
▓....©....▓....©....▓▓
▓▓▓▓▓▓▓▓▓▓▓▓▓▓▓▓▓▓▓▓▓


You could see 7 iron golems and an earth elemental.

Vanquished Creatures
  A hellephant (D)
  A quicksilver dragon (D)
  A fire giant (D)
  A balrug (D)
  2 ironbound preservers (D)
  A dire elephant (D)
  2 crystal guardians (D)
  An entropy weaver (D)
  3 salamander tyrants (D)
  2 vault guards (D)
  An ironbound frostheart (D)
  A stoker (D)
  2 hell hogs (D)
  A glowing orange brain (D)
  A shining eye (D)
  An eye of devastation (D)
  A hellion (D)
  A yaktaur (D)
  2 spriggans (D)
  A golden eye (D)
  A floating eye (D)
  2 orc warriors (D)
  A black bear (D)
  2 wolves (D)
  2 phantoms (D)
  A bullfrog (D)
  3 necrophages (D)
  2 wights (D)
  A jelly (D)
  An orc priest (D)
  An orc wizard (D)
  An iguana (D)
  A river rat (D)
  A shadow imp (D)
  An ufetubus (D)
  3 adder zombies (D)
  2 orcs (D)
  A bat skeleton (D)
  A bat zombie (D)
  2 endoplasms (D)
  2 jackals (D)
  2 ball python skeletons (D)
  2 ball python zombies (D)
  A jackal zombie (D)
  2 quokka skeletons (D)
  A quokka zombie (D)
67 creatures vanquished.

Vanquished Creatures (others)
  4 foxfires (D)
4 creatures vanquished.

Grand Total: 71 creatures vanquished

Notes
Turn   | Place    | Note
-------+----------+-------------------------------------------
     0 | D        | Groucho the Djinni Fire Elementalist began the quest for
                  | the Orb.
     0 | D        | Groucho set off with the following spells memorised:
                  | Foxfire, Scorch, Volatile Blastmotes, Inner Flame, Flame
                  | Wave.
     0 | D        | Reached XP level 1. HP: 15/15 MP: 0/0
     6 | D        | Found a blossoming altar of Fedhas.
     7 | D        | Found an opulent altar of Gozag.
     7 | D        | Found a hazy altar of Hepliaklqana.
     7 | D        | Found a viscous altar of Jiyva.
     7 | D        | Found a transporter.
     9 | D        | Became a worshipper of Cheibriados the Contemplative
    12 | D        | Found the +6 Majin-Bo {spellvamp, MP+6 Int+6}
    12 | D        | Found the +27 heavy crossbow "Sniper" {heavy, Acc+∞ SInv}
    12 | D        | Found the +10 dark maul {heavy}
    12 | D        | Found the +15 Maxwell's patent armour {-Cast -Tele rElec
                  | Will+ rCorr}
    12 | D        | Found the +18 shield of the Gong {Loud rN+ Will+ rCorr
                  | EV-5}
    12 | D        | Found the +16 obsidian axe {drain, demonic, Mesm Drain Fly
                  | SInv}
    13 | D        | Found a corrupted altar of Lugonu.
    13 | D        | Found the +7 great mace "Firestarter" {flame, immolate,
                  | rFlCloud rF++}
    13 | D        | Found the +6 shillelagh "Devastator" {shatter}
    13 | D        | Found the +11 plutonium sword {Contam Stlth-}
    13 | D        | Found the +8 lance "Wyrmbane" {slay drac, rPois rF+ rC+
                  | AC+3}
    13 | D        | Found the +9 sword of Zonguldrok {reap}
    13 | D        | Found the +13 scythe of Curses {drain, curses, Drain}
    13 | D        | Found the +9 sword of Power {lifebolt}
    13 | D        | Found the +7 mace of Variability {chaos, chaos arc}
    13 | D        | Found the +11 Singing Sword {sonic wave}
    13 | D        | Found the +8 storm bow {elec, penet}
    15 | D        | Found a burning altar of Makhleb.
    16 | D        | Found a sacrificial altar of Ru.
    16 | D        | Found a stormy altar of Qazlal.
    16 | D        | Found a bloodstained altar of Trog.
    16 | D        | Found an iron altar of Okawaru.
    16 | D        | Found a sparkling altar of Nemelex Xobeh.
    87 | D        | Entered arena 2.
    87 | D        | Noticed a bullfrog
    87 | D        | Found a transporter.
    91 | D        | Killed a bullfrog
    91 | D        | Reached * piety under Cheibriados
    92 | D        | Reached skill level 3 in Dodging
    92 | D        | Reached XP level 2. HP: 24/24 MP: 0/0
    92 | D        | Reached XP level 3. HP: 29/29 MP: 0/0
    92 | D        | Learned a level 1 spell: Magic Dart
    92 | D        | Reached XP level 4. HP: 34/34 MP: 0/0
   101 | D        | Entered arena 3.
   101 | D        | Noticed a wight
   101 | D        | Found a transporter.
   105 | D        | Reached ** piety under Cheibriados
   106 | D        | Killed a wight
   107 | D        | Reached skill level 4 in Dodging
   107 | D        | Reached XP level 5. HP: 40/40 MP: 0/0
   107 | D        | Learned a level 2 spell: Static Discharge
   116 | D        | Entered arena 4.
   116 | D        | Noticed a wolf
   116 | D        | Found a transporter.
   120 | D        | Reached *** piety under Cheibriados
   121 | D        | Killed a wolf
   122 | D        | Reached skill level 5 in Dodging
   122 | D        | Reached XP level 6. HP: 46/48 MP: 0/0
   128 | D        | Got the ring of Nunir {Fire Dex+4}
   132 | D        | Entered arena 5.
   132 | D        | Noticed a black bear
   132 | D        | Noticed a wolf
   132 | D        | Noticed a spriggan
   132 | D        | Noticed a spriggan
   132 | D        | Found a transporter.
   136 | D        | Killed a wolf
   136 | D        | Reached **** piety under Cheibriados
   137 | D        | Reached skill level 5 in Fighting
   137 | D        | Reached skill level 5 in Armour
   137 | D        | Reached skill level 6 in Dodging
   137 | D        | Reached skill level 5 in Invocations
   137 | D        | Killed a spriggan
   138 | D        | Reached skill level 5 in Shields
   138 | D        | Reached skill level 5 in Spellcasting
   138 | D        | Reached XP level 7. HP: 43/55 MP: 0/0
   138 | D        | Learned a level 2 spell: Momentum Strike
   141 | D        | Killed a spriggan
   141 | D        | Reached ***** piety under Cheibriados
   142 | D        | Reached skill level 7 in Dodging
   156 | D        | Entered arena 6.
   156 | D        | Found a transporter.
   185 | D        | Entered arena 7.
   186 | D        | Reached ****** piety under Cheibriados
   187 | D        | Reached XP level 8. HP: 58/62 MP: 0/0
   187 | D        | Found a transporter.
   192 | D        | Reached skill level 8 in Dodging
   209 | D        | Entered arena 8.
   212 | D        | Found a transporter.
   230 | D        | Entered arena 9.
   230 | D        | Noticed a shining eye
   230 | D        | Noticed an eye of devastation
   232 | D        | Reached skill level 9 in Dodging
   232 | D        | Reached XP level 9. HP: 65/69 MP: 0/0
   232 | D        | Learned a level 3 spell: Ignite Poison
   235 | D        | Gained mutation: You are partially covered in iridescent
                  | scales. (AC +2) [a shining eye]
   236 | D        | Gained mutation: You occasionally lose the ability to read
                  | scrolls when taking damage. [a shining eye]
   238 | D        | Gained mutation: You are frail. (-10% HP) [a shining eye]
   243 | D        | Gained mutation: Your body sometimes deteriorates upon
                  | taking damage. [a shining eye]
   244 | D        | Killed a shining eye
   249 | D        | Killed an eye of devastation
   551 | D        | Found a transporter.
   563 | D        | Got the staff of earth "Essicvon" {rC+ Str+4}
   566 | D        | Entered arena 10.
   574 | D        | Found a transporter.
   581 | D        | Got the ring "Vituufikk" {Str+6 Int-3 Dex-2 Slay+4}
   595 | D        | Entered arena 11.
   595 | D        | Noticed an entropy weaver
   595 | D        | Noticed a vault guard
   595 | D        | Noticed a vault guard
   595 | D        | Noticed an ironbound preserver
   595 | D        | Noticed a dire elephant
   595 | D        | Noticed a glowing orange brain
   595 | D        | Noticed an ironbound frostheart
   595 | D        | Noticed a yaktaur
   595 | D        | Noticed an ironbound preserver
   598 | D        | Killed an ironbound preserver
   599 | D        | Reached skill level 10 in Dodging
   599 | D        | Reached XP level 10. HP: 31/70 MP: 0/0
   599 | D        | Killed a yaktaur
   600 | D        | Killed an entropy weaver
   600 | D        | Killed a glowing orange brain
   600 | D        | Killed a vault guard
   600 | D        | Killed an ironbound frostheart
   601 | D        | Reached skill level 10 in Fighting
   601 | D        | Reached skill level 10 in Armour
   601 | D        | Reached skill level 11 in Dodging
   601 | D        | Reached skill level 10 in Shields
   601 | D        | Reached skill level 10 in Invocations
   601 | D        | Reached XP level 11. HP: 7/77 MP: 0/0
   601 | D        | Learned a level 4 spell: Olgreb's Toxic Radiance
   603 | D        | Killed a vault guard
   605 | D        | Killed a dire elephant
   606 | D        | Reached skill level 12 in Dodging
   606 | D        | Killed an ironbound preserver
   905 | D        | Found a transporter.
   930 | D        | Entered arena 12.
   930 | D        | Found the +8 longbow "Zephyr" {speed, Dex+3 SInv}
   930 | D        | Noticed a hell hog
   930 | D        | Noticed a salamander tyrant
   930 | D        | Noticed a salamander tyrant
   930 | D        | Noticed a balrug
   930 | D        | Noticed a hellephant
   930 | D        | Noticed a hell hog
   930 | D        | Noticed a fire giant
   930 | D        | Noticed a stoker
   931 | D        | Noticed a salamander tyrant
   931 | D        | HP: 1/78 [salamander tyrant (33)]
   935 | D        | Killed a hell hog
   935 | D        | Killed a hell hog
   936 | D        | Killed a balrug
   937 | D        | Killed a salamander tyrant
   937 | D        | Killed a salamander tyrant
   937 | D        | Killed a stoker
   937 | D        | Killed a salamander tyrant
   938 | D        | Reached skill level 13 in Dodging
   938 | D        | Reached XP level 12. HP: 13/85 MP: 0/0
   940 | D        | Killed a fire giant
   941 | D        | Reached skill level 10 in Spellcasting
   941 | D        | Found a transporter.
   946 | D        | Killed a hellephant
   947 | D        | Reached skill level 14 in Dodging
  1076 | D        | Entered arena 13.
  1076 | D        | Noticed an iron golem
  1076 | D        | Noticed a crystal guardian
  1076 | D        | Noticed an iron golem
  1076 | D        | Noticed an iron golem
  1076 | D        | Noticed an iron golem
  1077 | D        | Noticed a crystal guardian
  1077 | D        | Noticed an iron golem
  1077 | D        | Noticed an iron golem
  1077 | D        | Noticed a quicksilver dragon
  1077 | D        | Noticed an iron golem
  1080 | D        | Killed a quicksilver dragon
  1081 | D        | Killed a crystal guardian
  1081 | D        | Killed a crystal guardian
  1082 | D        | Mangled by an iron golem

Illustrated notes

Levels and vault maps discovered:
D:        sprint_v [room_start, room_1, room_2, room_3, room_4, room_5, room_6,
          room_7, room_8, room_9, room_10, room_11, room_12, room_13, room_14,
          room_15, room_16, room_17, room_18, room_19, room_20, room_21,
          room_22, room_23, room_24, room_25, room_26, room_27]

Skill      XL: |  1  2  3  4  5  6  7  8  9 10 11 12 |
---------------+-------------------------------------+-----
Fighting       | 2 3 4 5 6 7 9 10 12 13 | 13.1
Armour         | 2 3 4 5 6 7 9 10 12 13 | 13.0
Dodging        | 3 4 5 6 7 9 10 11 13 14 | 14.4
Shields        | 2 3 4 5 6 7 9 10 12 13 | 13.2
Spellcasting   | 3 4 5 6 7 8 9 10 | 10.6
Invocations    | 2 3 4 5 6 7 9 10 12 13 | 13.1
Stealth        | |  1.5

Action                     |  1- 3 |  4- 6 |  7- 9 | 10-12 || total
---------------------------+-------+-------+-------+-------++-------
  Melee: Shillelagh        |     4 |    10 |    13 |     2 ||    29
   Cast: Foxfire           |       |       |     2 |       ||     2
         Magic Dart        |       |       |     1 |       ||     1
         Scorch            |       |       |     1 |       ||     1
 Invoke: Slouch            |       |       |    12 |    19 ||    31
    Use: Potion            |       |       |     2 |     6 ||     8
 Armour: Gold dragon scale |     3 |     8 |    10 |     1 ||    22
  Dodge: Dodged            |       |       |     4 |     5 ||     9
  Block: Kite shield       |     7 |    25 |    28 |    15 ||    75
